 Dungeon Crawl Stone Soup version 0.25-a0-803-g58bd18402a (webtiles) character file.

Game seed: 2082477725736070661, levelgen mode: deterministic

142 Grimalkyne the Firebug (level 5, 0/31 HPs)
             Began as a Gargoyle Fire Elementalist on Apr 19, 2020.
             Slain by a black bear (5 damage)
             ... on level 2 of the Dungeon.
             The game lasted 00:05:26 (2025 turns).

Grimalkyne the Firebug (Gargoyle Fire Elementalist) Turns: 2025, Time: 00:05:27

Health: 0/31       AC:  6    Str: 12    XL:     5   Next: 24%
Magic:  0/8        EV: 12    Int: 16    God:
Gold:   76         SH:  0    Dex: 10    Spells: 4/8 levels left

rFire    . . .     SeeInvis .   f - +3 dagger (speed)
rCold    . . .     Gourm    .   (no shield)
rNeg     + . .     Faith    .   a - +0 robe
rPois    ∞         Spirit   .   (no helmet)
rElec    +         Reflect  .   (no cloak)
rCorr    .         Harm     .   (no gloves)
MR       .....                  (no boots)
Stlth    ++........             (no amulet)
HPRegen  0.10/turn              (no ring)
MPRegen  0.11/turn              (no ring)

@: very slightly contaminated
A: negative energy resistance 1, electricity resistance, unbreathing,
petrification resistance, rot immunity, AC +4
a: no special abilities


You were on level 2 of the Dungeon.
You were hungry.

You visited 1 branch of the dungeon, and saw 2 of its levels.

You collected 76 gold pieces.

Inventory:

Hand Weapons
 f - a +3 dagger of speed (weapon)
Missiles
 i - 26 stones (quivered)
 k - 15 poisoned darts
Armour
 a - a +0 robe (worn)
Wands
 d - a wand of random effects (19)
Scrolls
 e - a scroll of enchant weapon {unknown}
 g - 2 scrolls of fog
Potions
 b - a potion of might {unknown}
 h - a potion of lignification {unknown}
 j - a potion of curing {unknown}
 m - a potion of haste {unknown}
 n - a potion of berserk rage {unknown}
 o - a potion of invisibility {unknown}
Comestibles
 c - 6 rations
 l - a chunk of flesh


   Skills:
 + Level 2.7 Fighting
 - Level 1.5 Dodging
 - Level 2.1 Stealth
 - Level 2.0 Spellcasting
 + Level 3.1 Conjurations
 + Level 4.1 Fire Magic


You had 4 spell levels left.
You knew the following spells:

 Your Spells              Type           Power        Failure   Level  Hunger
a - Foxfire               Conj/Fire      ##..         4%          1    #......
b - Conjure Flame         Conj/Fire      ##......     14%         3    ###....

Your spell library contained the following spells:

 Spells                   Type           Power        Failure   Level  Hunger
 Inner Flame              Hex/Fire       #.......     26%         3    ###....
 Sticky Flame             Conj/Fire      ##......     43%         4    #####..
 Fireball                 Conj/Fire      ##........   78%         5    ######.


Dungeon Overview and Level Annotations

Branches:
Dungeon (2/15)

Altars:

Annotations:
D:2 Terence


Innate Abilities, Weirdness & Mutations

You are resistant to torment.
Your stone body is resilient. (AC +4)
You are immune to poison.
You resist negative energy. (rN+)
You are resistant to electric shocks. (rElec)
You can survive without breathing.
You are immune to petrification.
You are immune to rotting.


Message History

Confirm with . or Enter, or press ? or * to list all spells.
You conjure some foxfire!
The black bear goes berserk!
You closely miss the black bear.
The black bear is almost dead.
The foxfire hits the black bear.
The black bear is almost dead.
The foxfire hits the black bear.
The black bear is almost dead.
The black bear bites you. The black bear claws you.
The black bear claws you but does no damage.
The black bear bites you but does no damage.
The black bear misses you. The black bear closely misses you.
Casting: Foxfire (safe; 4% risk of failure)
Confirm with . or Enter, or press ? or * to list all spells.
You conjure some foxfire!
The black bear bites you. The black bear claws you.
* * * LOW HITPOINT WARNING * * *
The black bear claws you.
* * * LOW HITPOINT WARNING * * *
The black bear bites you.
You die...

#..# ##...#.##.##...#
##.## #......#.).#v..#
#..# #.##..#######..##
##..#####.##..#.....#...#
..........##..#.....'...#
###.###...##.#########..#
#..........#†.....)#..#
###........'†v....$#..#
#........#.h@v..$#..#
#####........#########..#
...........#..#§§§§§)...#
######.....##.#§§§§§#...#
#.......#.#######..##
#.......#..#...#...#
#..........##)##...#
##.....##...#'#...##
##...#####..(..###


You could see a black bear (berserk).

Vanquished Creatures
  A bullfrog (D:2)
  2 adders (D:2)
  4 worms (D:2)
  A dart slug (D:1)
  3 leopard geckos
  An orc (D:2)
  2 giant cockroaches
  4 goblins
  4 hobgoblins
  4 kobolds
  6 bats
  5 frilled lizards
  5 rats
42 creatures vanquished.

Vanquished Creatures (others)
  94 foxfires
94 creatures vanquished.

Grand Total: 136 creatures vanquished

Notes
Turn   | Place    | Note
-------+----------+-------------------------------------------
     0 | D:1      | Grimalkyne the Gargoyle Fire Elementalist began the quest
                  | for the Orb.
     0 | D:1      | Reached XP level 1. HP: 10/10 MP: 3/3
   419 | D:1      | Reached XP level 2. HP: 15/16 MP: 1/5
   535 | D:1      | Reached skill level 1 in Fighting
  1180 | D:2      | Reached XP level 3. HP: 20/20 MP: 4/6
  1185 | D:2      | Learned a level 3 spell: Conjure Flame
  1728 | D:2      | Noticed a bullfrog
  1737 | D:2      | Reached XP level 4. HP: 26/26 MP: 4/7
  1742 | D:2      | Killed a bullfrog
  1742 | D:2      | Reached skill level 4 in Fire Magic
  1742 | D:2      | Reached XP level 5. HP: 29/31 MP: 3/8
  1888 | D:2      | Noticed Terence
  2001 | D:2      | Noticed a black bear
  2025 | D:2      | Slain by a black bear

Levels and vault maps discovered:
D:1:      onia_arrival_pyramid, layout_basic
D:2:      layout_rooms, marbit_many_paths, serial_bayou, serial_bayou_shore_b,
          serial_bayou_pond_a, serial_bayou_shore_a, serial_bayou_pond_a,
          chequers_serial_rivers_micro_b, minmay_divided_ellipse, uniq_terence

Skill      XL: |  1  2  3  4 |
---------------+-------------+-----
Fighting       | 1 2 |  2.7
Conjurations   | 2 3 |  3.1
Fire Magic     | 4 |  4.1
Dodging        | |  1.5
Stealth        | |  2.1
Spellcasting   | |  2.0

Action                   |  1- 3 |  4- 6 || total
-------------------------+-------+-------++-------
Melee: Unarmed           |     4 |       ||     4
       Dagger            |    30 |    30 ||    60
 Cast: Foxfire           |    43 |    18 ||    61
  Use: Scroll            |     2 |       ||     2
  Eat: Chunk             |     3 |     1 ||     4
Armor: Robe              |    11 |    24 ||    35
Dodge: Dodged            |    20 |    38 ||    58

Table legend:
 A = Non-vault XP
 B = Vault XP
 C = Vault XP percentage of total XP
 D = Non-vault monster count
 E = Vault monster count
 F = Vault count percentage of total count
                 A         B        C        D         E       F
            +---------+---------+-------+---------+---------+-------
      Total |     172 |      31 |  15.3 |      30 |      12 |  28.6
            +---------+---------+-------+---------+---------+-------
        D:1 |      34 |       0 |   0.0 |      20 |       0 |   0.0
        D:2 |     138 |      31 |  18.3 |      10 |      12 |  54.5
            +---------+---------+-------+---------+---------+-------
